 Dungeon Crawl Stone Soup version 0.24.1-8-ga250c9d538 (webtiles) character file.

Game seed: 7791178894245124692, levelgen mode: deterministic

464 lepoulpe303 the Firebug (level 6, -18/32 HPs)
             Began as a Deep Elf Fire Elementalist on Apr 29, 2020.
             Engulfed by a cloud of flame (23 damage)
             ... in a sewer.
             The game lasted 00:28:36 (4796 turns).

lepoulpe303 the Firebug (DEFE)                      Turns: 4796, Time: 00:28:37

Health: -18/32     AC:  3    Str:  3 (5)  XL:     6   Next: 80%
Magic:  8/14       EV: 13    Int: 22      God:
Gold:   184        SH:  0    Dex: 12 (15) Spells: 5/14 levels left

rFire    . . .     SeeInvis .   g - +0 dagger
rCold    . . .     Gourm    .   (no shield)
rNeg     . . .     Faith    .   a - +0 robe
rPois    .         Spirit   .   (no helmet)
rElec    .         Reflect  .   d - +0 cloak (curse)
rCorr    .         Harm     .   (no gloves)
MR       .....     Clarity  +   (no boots)
Stlth    ++........             (no amulet)
HPRegen  0.10/turn              (no ring)
MPRegen  0.14/turn              (no ring)

@: lethally poisoned (-18 -> -25)
A: clarity, sense surroundings 1
a: no special abilities


You were in a sewer.
You were not hungry.

You visited 1 branch of the dungeon, and saw 4 of its levels.
You also visited: Sewer.

You collected 184 gold pieces.

Inventory:

Hand Weapons
 g - a +0 dagger (weapon)
Missiles
 f - 54 poisoned darts (quivered)
Armour
 a - a +0 robe (worn)
 d - a cursed +0 cloak (worn)
 q - a +0 buckler
Jewellery
 h - an uncursed ring of protection from magic {unknown}
Scrolls
 b - 6 scrolls of identify {unknown}
 i - a scroll of immolation {unknown}
 l - a scroll of amnesia {unknown}
 m - 2 scrolls of teleportation {unknown}
 n - a scroll of blinking {unknown}
 o - a scroll of remove curse {unknown}
 r - a scroll of enchant armour {unknown}
Potions
 c - a potion of ambrosia
 j - a potion of curing {unknown}
 k - a potion of resistance {unknown}
 p - a potion of flight
 t - 2 potions of magic
Comestibles
 e - 12 rations


   Skills:
 + Level 1.9 Short Blades
 + Level 3.7 Dodging
 + Level 4.2 Stealth
 + Level 0.0 Shields
 + Level 4.6 Spellcasting
 * Level 3.7 Conjurations
 * Level 5.2 Fire Magic


You had 5 spell levels left.
You knew the following spells:

 Your Spells              Type           Power        Failure   Level  Hunger
a - Flame Tongue          Conj/Fire      ###..        1%          1    None
b - Inner Flame           Hex/Fire       ###.....     11%         3    ##.....
c - Conjure Flame         Conj/Fire      ###.....     4%          3    ##.....
x - Throw Flame           Conj/Fire      ###...       2%          2    None

Your spell library contained the following spells:

 Spells                   Type           Power        Failure   Level  Hunger
 Sticky Flame             Conj/Fire      ###.....     17%         4    ####...
 Fireball                 Conj/Fire      ###.......   43%         5    #####..


Dungeon Overview and Level Annotations

Branches:
Dungeon (4/15)              Sewer (1/1)
 Temple: D:4-7

Altars:
Ashenzari
Makhleb
Nemelex Xobeh


Innate Abilities, Weirdness & Mutations

You possess an exceptional clarity of mind.
You passively map a small area around you.


Message History

You are poisoned.
You now have 11/14 mp.
Aim: a kobold (chance to defeat MR: 84%)
The kobold is filled with an inner flame.
You feel sick.
The kobold throws a stone.
The stone closely misses you.
You take 1 damage, and have 31/32 hp.
You now have 8/14 mp.
Okay, then.
Okay, then.
You hit the kobold.
You feel sick.
The kobold hits you with a +0 short sword.
You take 6 damage, and have 25/32 hp.
You hit the kobold but do no damage. You hit the kobold.
The kobold explodes!
The fiery explosion engulfs you!!
Ouch! That really hurt!
* * * LOW HITPOINT WARNING * * *
You are engulfed in blazing flames.
Ouch! That really hurt!
You die...

....≈≈≈≈≈≈.....##
....≈≈≈≈≈≈......##
....≈≈≈≈≈≈≈......#
...≈≈≈≈≈≈≈≈#...%.#
..(.≈≈≈≈≈≈≈##....#
....≈≈≈≈≈≈≈≈#.%..#
....≈≈≈≈≈≈≈≈≈....##
...≈÷≈≈≈≈≈≈≈≈≈§§(.#
....≈≈≈≈≈≈≈≈≈≈§§@.#
##'####≈#≈#≈###§###
..)..#≈#≈#≈#


.KK , .....# #≈#≈#..K #...##≈ ≈#≈###.. * .....# ≈ ≈ ≈ !.. ..#..# #!!# ######≈
≈≈≈ ###* * ≈≈≈≈≈≈≈ ≈ You could see 3 kobolds.

Levels and vault maps discovered:
D:1:      dpeg_cavernosity, layout_basic
D:2:      layout_loops_ring, old_standard_altar, first_ration, minmay_rat_hole,
          uniq_natasha
D:3:      layout_basic, old_standard_altar, old_standard_altar,
          chequers_ecumenical_altar_lobes
D:4:      layout_basic, old_standard_altar, minmay_temple_entry_tees,
          portal_sewer_entry_d
Sewer:    sewer_minmay_treatment

Notes
Turn   | Place    | Note
-------+----------+-------------------------------------------
     0 | D:1      | lepoulpe303 the Deep Elf Fire Elementalist began the quest
                  | for the Orb.
     0 | D:1      | Reached XP level 1. HP: 10/10 MP: 6/6
   117 | D:1      | Identified a +0 club
   338 | D:1      | Identified a +0 dagger
   343 | D:1      | Reached XP level 2. HP: 15/15 MP: 4/8
   347 | D:1      | Learned a level 2 spell: Throw Flame
   427 | D:1      | Identified a cursed -1 club
   879 | D:2      | Identified a cursed +0 cloak (You found it on level 2 of
                  | the Dungeon)
   896 | D:2      | Identified a cursed +0 club
   902 | D:2      | Noticed Natasha
   986 | D:2      | Identified a +0 dagger
   986 | D:2      | Identified a +0 hunting sling
   991 | D:2      | Reached XP level 3. HP: 19/19 MP: 8/10
   992 | D:2      | Identified a +0 hand axe
   996 | D:2      | Learned a level 3 spell: Conjure Flame
  1006 | D:2      | Learned a level 3 spell: Inner Flame
  1067 | D:2      | Identified a +0 shortbow
  1067 | D:2      | Noticed a centaur
  1077 | D:2      | Killed a centaur
  1077 | D:2      | Reached skill level 1 in Short Blades
  1077 | D:2      | Reached skill level 3 in Dodging
  1077 | D:2      | Reached skill level 3 in Stealth
  1077 | D:2      | Reached skill level 2 in Conjurations
  1077 | D:2      | Reached skill level 4 in Fire Magic
  1077 | D:2      | Reached XP level 4. HP: 15/24 MP: 4/11
  1281 | D:2      | Found a shattered altar of Ashenzari.
  1283 | D:2      | Identified a +0 short sword
  1303 | D:2      | Identified a +0 dagger
  1345 | D:2      | Identified a +0 dagger
  1345 | D:2      | Identified a +0 hunting sling
  1364 | D:2      | Killed Natasha
  1364 | D:2      | Reached skill level 4 in Spellcasting
  1364 | D:2      | Reached XP level 5. HP: 19/28 MP: 0/13
  1920 | D:2      | Noticed Natasha
  1948 | D:2      | Killed Natasha
  2343 | D:3      | Identified a +0 club
  2345 | D:3      | Identified a +0 halberd
  2345 | D:3      | Identified a +0 robe
  2345 | D:3      | Identified a +0 flail
  2352 | D:3      | Identified a +0 whip
  2373 | D:2      | HP: 3/28 [gnoll/+0 flail (7)]
  2374 | D:2      | Identified 2 potions of magic
  2375 | D:2      | Identified 2 potions of ambrosia
  2376 | D:2      | Identified a potion of mutation
  2376 | D:2      | Gained mutation: You possess an exceptional clarity of
                  | mind. [potion of mutation]
  2376 | D:2      | Gained mutation: You passively map a small area around you.
                  | [potion of mutation]
  2377 | D:2      | Identified a potion of agility
  2378 | D:2      | Identified a potion of degeneration
  2379 | D:2      | Identified a potion of brilliance
  2380 | D:2      | Identified a potion of berserk rage
  2528 | D:3      | Reached skill level 3 in Conjurations
  2822 | D:2      | Noticed Natasha
  2825 | D:2      | Killed Natasha
  2941 | D:3      | Found a sparkling altar of Nemelex Xobeh.
  2961 | D:3      | Identified a +0 spear
  2965 | D:3      | Identified a +0 club
  3011 | D:3      | Identified a +0 club
  3047 | D:3      | Reached XP level 6. HP: 29/32 MP: 9/14
  3054 | D:3      | Identified a +0 morningstar
  3058 | D:3      | Identified a cursed -2 mace
  3058 | D:3      | Identified a +1 morningstar of crushing
  3058 | D:3      | Identified a cursed +0 chain mail
  3243 | D:3      | Identified a +0 whip
  3246 | D:3      | Identified a +0 whip
  3247 | D:3      | Identified a cursed -3 flail
  3247 | D:3      | Identified a +0 leather armour
  3247 | D:3      | Identified a +0 flail
  3247 | D:3      | Identified a +0 scale mail
  3683 | D:3      | Found a faded altar of an unknown god.
  3826 | D:3      | Found a burning altar of Makhleb.
  3835 | D:3      | Reached skill level 4 in Stealth
  3914 | D:3      | Identified a +0 club
  3937 | D:4      | Identified a +0 short sword
  4012 | D:4      | Reached skill level 5 in Fire Magic
  4082 | D:4      | Found a glowing drain.
  4091 | Sewer    | Entered a sewer
  4243 | Sewer    | HP: 8/32 [rat (1)]
  4248 | Sewer    | HP: 3/32 [rat (3)]
  4249 | Sewer    | Identified a potion of flight
  4250 | Sewer    | Identified a potion of heal wounds
  4656 | Sewer    | Identified a +0 dagger
  4656 | Sewer    | Identified a +0 short sword
  4791 | Sewer    | Identified a +0 short sword
  4791 | Sewer    | Identified a +0 dagger
  4791 | Sewer    | Identified a +4 whip
  4796 | Sewer    | HP: 5/32 [kobold/exploding inner flame[the player
                  | character] (20)]
  4796 | Sewer    | Engulfed by a cloud of flame

Table legend:
 A = Turns spent in this place as a percentage of turns spent in the entire game.
 B = Non-inter-level travel turns spent in this place as a percentage of non-inter-level travel turns spent in the entire game.
 C = Inter-level travel turns spent in this place as a percentage of turns spent in this place.
 D = Turns resting spent in this place as a percentage of non-inter-level travel turns spent in this place.
 E = Turns spent auto-exploring this place as a percentage of non-inter-level travel turns spent in this place.
 F = Non-inter-level travel turns spent in this place divided by the number of levels of this place that you've seen.
                   A       B       C       D       E      F
               +-------+-------+-------+-------+-------+----------------------
         Total | 100.0 | 100.0 |   4.2 |  35.1 |  36.5 | 919.2
       Dungeon |  85.3 |  84.7 |   4.9 |  31.2 |  41.7 | 972.8
         Sewer |  14.7 |  15.3 |   0.0 |  56.3 |   7.8 | 705.0
               +-------+-------+-------+-------+-------+----------------------

Table legend:
 A = Kills in this place as a percentage of kills in entire the game.
 B = Kills by you in this place as a percentage of kills by you in the entire game.
 C = Kills by friends in this place as a percentage of kills by friends in the entire game.
 D = Other kills in this place as a percentage of other kills in the entire game.
 E = Experience gained in this place as a percentage of experience gained in the entire game.
 F = Experience gained in this place divided by the number of levels of this place that you have seen.
                   A       B       C       D       E      F
               +-------+-------+-------+-------+-------+----------------------
         Total | 100.0 | 100.0 |   N/A |   N/A | 100.0 | 132.8
       Dungeon |  74.6 |  74.6 |   N/A |   N/A |  83.4 | 138.5
         Sewer |  25.4 |  25.4 |   N/A |   N/A |  16.6 | 110.0
               +-------+-------+-------+-------+-------+----------------------

Skill      XL: |  1  2  3  4  5  6 |
---------------+-------------------+-----
Short Blades   | 1 |  1.9
Dodging        | 3 |  3.7
Stealth        | 3 4 |  4.2
Conjurations   | 2 3 |  3.7
Fire Magic     | 4 5 |  5.2
Spellcasting   | 4 |  4.6

Action                   |  1- 3 |  4- 6 || total
-------------------------+-------+-------++-------
Melee: Dagger            |     6 |   202 ||   208
Throw: Dart              |       |     6 ||     6
 Cast: Flame Tongue      |    41 |   124 ||   165
       Throw Flame       |       |    38 ||    38
       Conjure Flame     |       |     4 ||     4
       Inner Flame       |       |     5 ||     5
  Use: Potion            |       |     9 ||     9
 Stab: Sleeping          |     2 |     5 ||     7
  Eat: Chunk             |       |    10 ||    10
       Ration            |       |     1 ||     1
Armor: Robe              |     3 |    52 ||    55
Dodge: Dodged            |    19 |   208 ||   227

Vanquished Creatures
  A centaur (D:2)
  An orc priest (D:3)
  An iguana (D:4)
  A worker ant (D:4)
  Natasha (thrice) (D:2)
  5 adders
  3 gnolls
  3 river rats (Sewer)
  An ooze (D:3)
  A worm (D:3)
  2 dart slugs
  3 leopard geckos
  8 orcs
  11 bats
  2 giant cockroaches (D:3)
  8 goblins
  9 hobgoblins
  5 jackals
  A quokka (D:2)
  3 ball pythons (Sewer)
  2 frilled lizards
  12 kobolds
  48 rats
134 creatures vanquished.
